 Dungeon Crawl Stone Soup version 0.19.1-1-g22dce08 (webtiles) character file.

121 Gorglomux the Shooter (level 4, 0/38 HPs)
             Began as a Centaur Hunter on Jan 2, 2017.
             Slain by a bat (1 damage)
             ... on level 3 of the Dungeon.
             The game lasted 00:04:54 (3817 turns).

Gorglomux the Shooter (Centaur Hunter)              Turns: 3817, Time: 00:04:54

Health: 0/38       AC:  4    Str: 15    XL:     4   Next: 77%
Magic:  4/4        EV:  9    Int: 10    God:
Gold:   91         SH:  0    Dex: 10    Spells: 0 memorised, 3 levels left

rFire  . . .     SeeInvis .     b - +0 short sword
rCold  . . .     Gourm    .     c - +0 leather armour
rNeg   . . .     Faith    .     (no shield)
rPois  .         Spirit   .     (no helmet)
rElec  .         Reflect  .     (no cloak)
rCorr  .         Harm     .     (no gloves)
MR     .....                    (no barding)
Stlth  +.........               (no amulet)
                                (no ring)
                                (no ring)

@: very quick
A: hooves 3, deformed body, speed 2, tough skin 3
a: no special abilities


You were on level 3 of the Dungeon.
You were not hungry.

You visited 1 branch of the dungeon, and saw 3 of its levels.

You collected 91 gold pieces.

Inventory:

Hand Weapons
 a - a +1 shortbow
 b - a +0 short sword (weapon)
Missiles
 d - 34 arrows
Armour
 c - a +0 leather armour (worn)
Scrolls
 i - 4 scrolls of remove curse {unknown}
 j - a scroll of random uselessness {unknown}
 m - 3 scrolls of identify {unknown}
 o - a scroll of teleportation {unknown}
 q - a scroll of magic mapping {unknown}
 r - a scroll of fear {unknown}
 s - a scroll of enchant armour {unknown}
Potions
 e - a potion of mutation {unknown}
 h - a potion of agility {unknown}
 k - a potion of ambrosia {unknown}
 n - a potion of invisibility {unknown}
 p - 3 potions of brilliance {unknown}
Comestibles
 f - 3 bread rations
 g - a slice of pizza
 l - a beef jerky


   Skills:
 + Level 3.3 Fighting
 * Level 7.2 Bows
 - Level 1.3 Dodging
 - Level 0.4 Stealth


You had 3 spell levels left.
You didn't know any spells.

Dungeon Overview and Level Annotations

Branches:
Dungeon (3/15)

Altars:
Qazlal
Ru


Innate Abilities, Weirdness & Mutations

You have hooves in place of feet.
Armour fits poorly on your strangely shaped body.
You cover ground very quickly.
You have extremely tough skin. (AC +3)


Message History

You closely miss the bat. You kick the bat, but do no damage.
The bat hits you but does no damage. x2; The bat barely misses you.
You hit the bat but do no damage. Your kick misses the bat.
The bat barely misses you.
The orc wizard casts a spell.
The orc wizard blinks!
The bat hits you but does no damage.
The orc wizard hits you but does no damage.
The bat hits you but does no damage.
The orc wizard points at you and mumbles some strange words.
The magic dart hits you!
* * * LOW HITPOINT WARNING * * *
The bat closely misses you.
The orc wizard casts a spell.
The orc wizard blinks!
The bat hits you but does no damage.
The orc wizard casts a spell.
The bat closely misses you. The bat hits you.
You die...

##################
#..........g..g...
#......g###..##...
#......ยง###..##.#.
#...............#.
##.......###..####.
#.@b.....###..####.
#.###o.............
#.###.#.###........
#.##..#.# #..)..###
#[##.##.# #......##
#.#..##.# #........
#.......# #.....###
###.##### ###......
#.# ##.....


You could see an orc wizard, a gnoll and a bat.

Vanquished Creatures
  4 adders (D:2)
  3 oozes
  2 worms
  A dart slug (D:1)
  An orc (D:3)
  A ball python (D:2)
  6 bats
  A giant cockroach (D:2)
  10 goblins
  6 hobgoblins
  6 jackals (D:1)
  6 kobolds
  3 quokkas (D:2)
  5 frilled lizards
  8 rats
63 creatures vanquished.

Notes
Turn   | Place    | Note
-------+----------+-------------------------------------------
     0 | D:1      | Gorglomux the Centaur Hunter began the quest for the Orb.
     0 | D:1      | Reached XP level 1. HP: 17/17 MP: 1/1
   133 | D:1      | Reached XP level 2. HP: 14/24 MP: 2/2
   326 | D:1      | Reached skill level 6 in Bows
   535 | D:1      | Reached XP level 3. HP: 25/30 MP: 3/3
   781 | D:1      | HP: 1/30 [jackal (3)]
  2043 | D:2      | Found a stormy altar of Qazlal.
  2129 | D:2      | Reached XP level 4. HP: 36/37 MP: 4/4
  2877 | D:2      | Reached skill level 7 in Bows
  3720 | D:3      | Found a sacrificial altar of Ru.
  3813 | D:3      | HP: 1/38 [orc wizard/magic dart (7)]
  3817 | D:3      | Slain by a bat

Skill      XL: |  1  2  3  4 |
---------------+-------------+-----
Bows           | 6 7 |  7.2
Fighting       | 3 |  3.3
Dodging        | |  1.3
Stealth        | |  0.4

Action                   |  1- 3 |  4- 6 || total
-------------------------+-------+-------++-------
Melee: Short sword       |   122 |   118 ||   240
       Kick              |    26 |    26 ||    52
 Fire: Shortbow          |    15 |     3 ||    18
  Eat: Chunk             |     3 |     4 ||     7
Armor: Leather armour    |    37 |    48 ||    85
Dodge: Dodged            |    50 |    66 ||   116
